 Dungeon Crawl Stone Soup version 0.16.2-2-g470672f (webtiles) character file.

65 monobi the Covered (level 3, -2/33 HPs)
             Began as a Minotaur Fighter on Sept 2, 2015.
             Slain by an orc priest
             ... wielding a +0 mace
              (5 damage)
             ... on level 3 of the Dungeon.
             The game lasted 00:03:15 (1719 turns).

monobi the Covered (Minotaur Fighter)               Turns: 1719, Time: 00:03:15

Health: -2/33      AC:  7    Str: 21    XL:     3   Next: 94%
Magic:  2/2        EV:  7    Int:  5    God:
Gold:   148        SH:  9    Dex:  9    Spells: 0 memorised, 2 levels left

rFire  . . .     SeeInvis .     a - +0 trident
rCold  . . .     Clarity  .     b - +0 scale mail
rNeg   . . .     SustAb   +     c - +0 shield
rPois  .         Gourm    .     (helmet restricted)
rElec  .         Spirit   .     (no cloak)
rCorr  .         Warding  .     (no gloves)
rMut   .         Stasis   .     (no boots)
MR     .....                    (no amulet)
Stlth  ..........               s - ring of loudness (curse)
                                n - ring of sustain abilities

@: hasted, very quick, not resistant to hostile enchantments, extremely
unstealthy
A: retaliatory headbutt, horns 2
a: no special abilities


You were on level 3 of the Dungeon.
You were not hungry.

You visited 1 branch of the dungeon, and saw 3 of its levels.

You collected 148 gold pieces.

Inventory:

Hand weapons
 a - a +0 trident (weapon)
Missiles
 g - 14 poisoned needles
Armour
 b - a +0 scale mail (worn)
 c - a +0 shield (worn)
Jewellery
 n - a ring of sustain abilities (left hand)
 s - a cursed ring of loudness (right hand)
Scrolls
 i - 2 scrolls of immolation {unknown}
 m - a scroll of teleportation {unknown}
 o - 3 scrolls of enchant armour {unknown}
 p - a scroll of amnesia {unknown}
 u - a scroll of magic mapping {unknown}
 v - 3 scrolls of remove curse {unknown}
 x - 4 scrolls of identify {unknown}
 y - 2 scrolls of enchant weapon {unknown}
Potions
 e - 3 potions of might
 f - 2 potions of curing {unknown}
 h - a potion of invisibility {unknown}
 j - a potion of restore abilities {unknown}
 k - 2 potions of heal wounds {unknown}
 t - a potion of poison {unknown}
 w - a potion of ambrosia {unknown}
Comestibles
 d - 4 bread rations
 l - a beef jerky
 q - a meat ration


   Skills:
 + Level 3.9 Fighting
 * Level 3.5 Polearms
 + Level 4.4 Armour
 + Level 0.4 Dodging
 + Level 4.1 Shields


You had 2 spell levels left.
You didn't know any spells.

Dungeon Overview and Level Annotations

Branches:
Dungeon (3/15)

Altars:
Ru


Innate Abilities, Weirdness & Mutations

You reflexively headbutt those who attack you in melee.
You have a pair of horns on your head.


Message History

The orc hits you with a club.
An orc comes into view. It is wielding a short sword.
You closely miss the orc priest. Your headbutt misses the orc priest.
You block the orc's attack.
The orc priest mumbles some strange prayers to Beogh against you.
Pain shoots through your body!
* * * LOW HITPOINT WARNING * * *
You are too injured to fight recklessly!
You are too injured to fight recklessly!
You are too injured to fight recklessly!
You are too injured to fight recklessly!
You are too injured to fight recklessly!
You are too injured to fight recklessly!
You are too injured to fight recklessly!
You are too injured to fight recklessly!
You are too injured to fight recklessly!
Drink which item? (? for menu, Esc to quit)
It was a potion of haste.
You feel yourself speed up. You block the orc's attack.
The orc priest hits you with a mace.
You die...

#...........# .
..............#. .
......)..).... . .#
.#.#......##. . ..
............ .##.
.#.#....### #.<
........# #.# ###....##
###o###
####.#######.o@o.#
###.......##.#o#......#
###...##....##.#.#
####.
##...†......##.#..
...............###.
##...[......#..†...#
###...##....#.####...
..###.......#.# ## #.#
#>##.#.##..


You could see an orc priest and 3 orcs.

Vanquished Creatures
  2 adders (D:2)
  A giant mite (D:3)
  2 giant cockroaches
  7 goblins
  6 hobgoblins
  A quokka (D:2)
  A ball python (D:1)
  8 bats
  4 giant newts
  2 jackals (D:3)
  4 kobolds
  3 rats
41 creatures vanquished.

Notes
Turn   | Place    | Note
--------------------------------------------------------------
     0 | D:1      | monobi, the Minotaur Fighter, began the quest for the Orb.
     0 | D:1      | Reached XP level 1. HP: 19/19 MP: 1/1
   216 | D:1      | Reached XP level 2. HP: 20/27 MP: 1/1
   438 | D:1      | Reached skill level 4 in Armour
   932 | D:2      | Reached XP level 3. HP: 33/33 MP: 2/2
  1362 | D:2      | Found a sacrificial altar of Ru.
  1719 | D:3      | Slain by an orc priest

Action                   || total
-------------------------++-------
Melee: Trident           ||   104
  Use: Potion            ||     1
  Eat: Bread ration      ||     1
